 Dungeon Crawl Stone Soup version 0.31-a0-161-gb58dd9be76 (webtiles) character file.

Game seed: 15293212336388804553

19866 chunkyMonkey the Thaumaturge (level 12, -15/63 HPs)
             Began as a Vine Stalker Fighter on June 12, 2023.
             Was an Elder of Okawaru.
             Demolished by an orc warrior
             ... wielding a +0 glaive
             ... led by an orc knight
              (21 damage)
             ... on level 2 of the Orcish Mines.
             The game lasted 00:27:51 (9890 turns).

chunkyMonkey the Thaumaturge (Vine Stalker Fighter) Turns: 9890, Time: 00:27:52

Health: -15/63     AC: 24    Str: 23    XL:     12   Next: 73%
Magic:  0/27       EV: 20    Int: 11    God:    Okawaru [****..]
Gold:   356        SH:  0    Dex: 15    Spells: 31/31 levels left

rFire   . . .        y - +1 trident (protect)
rCold   . . .        c - +0 buckler
rNeg    . . .        b - +1 scale mail "Ydoaliusk" {Rampage rPois Int+3}
rPois   +            B - +0 helmet
rElec   .            j - +0 cloak
rCorr   .            E - +0 pair of gloves {Stlth+}
SInv    .            P - +0 pair of boots
Will    +....        (no amulet)
Stlth   +            k - +4 ring of slaying
HPRegen 1.10/turn    l - +5 ring of evasion
MPRegen 0.20/turn

%: guardian spirit, rampage
@: confused, heroic, under a protective aura
A: fangs 3, regeneration 1, magic shield, antimagic bite, no potion heal 2
a: Renounce Religion, Heroism, Finesse


You were on level 2 of the Orcish Mines.
You worshipped Okawaru.
Okawaru was greatly pleased with you.
You visited 2 branches of the dungeon, and saw 13 of its levels.
You visited the Abyss 1 time.
You also visited: Sewer.

You collected 1113 gold pieces.
You spent 757 gold pieces at shops.

Inventory:

Hand Weapons
 a - the +1 mace of Departure {heavy, rElec rF+ Stlth+}
   (You found it on level 7 of the Dungeon)

   rF:        It protects you from fire.
   rElec:     It insulates you from electricity.
   Stlth:     It makes you more stealthy.
 y - a +1 trident of protection (weapon)
 I - a +0 broad axe
 M - a +4 spear of freezing
 Q - a +0 battleaxe of freezing
 S - a +2 scimitar of flaming
Armour
 b - the +1 scale mail "Ydoaliusk" (worn) {Rampage rPois Int+3}
   (You bought it in a shop on level 4 of the Dungeon)

   Int:       It affects your intelligence (+3).
   rPois:     It protects you from poison.
   Rampage:   It bestows one free step when moving towards enemies.
 c - a +0 buckler (worn)
 e - a +1 chain mail of fire resistance
 j - a +0 cloak (worn)
 B - a +0 helmet (worn)
 E - a +0 pair of gloves of stealth (worn)
 P - a +0 pair of boots (worn)
 T - +0 steam dragon scales
Jewellery
 f - a +6 ring of strength
 h - a ring of fire
 k - a +4 ring of slaying (left hand)
 l - a +5 ring of evasion (right hand)
 m - a ring of flight
 p - a +6 ring of dexterity
 q - a ring of ice
 r - a ring of wizardry
 K - a +6 ring of intelligence
 W - the ring of Lugonu's Felicitations {rC+ Will+}
   (You found it on level 10 of the Dungeon)

   [ring of willpower]

   rC:        It protects you from cold.
   Will:      It increases your willpower.
Wands
 t - a wand of charming (9)
 z - a wand of mindburst (3)
 J - a wand of flame (29)
 U - a wand of digging (3)
 Z - a wand of polymorph (7)
Scrolls
 o - 3 scrolls of teleportation
 s - a scroll of fog
 u - a scroll of amnesia
 D - a scroll of enchant armour
 H - 3 scrolls of blinking
 V - a scroll of torment {unknown}
 Y - a scroll of poison {unknown}
Potions
 d - 3 potions of might
 g - 5 potions of curing
 i - 2 potions of resistance
 n - 4 potions of magic
 v - 5 potions of mutation
 w - 2 potions of enlightenment {unknown}
 x - 2 potions of heal wounds {unknown}
 A - 3 potions of attraction {unknown}
 C - 2 potions of cancellation {unknown}
 F - 2 potions of haste
 N - a potion of brilliance {unknown}
 R - a potion of invisibility {unknown}
 X - a potion of berserk rage {unknown}


   Skills:
 + Level 7.3(12.3) Fighting
 * Level 9.5(14.5) Axes
 * Level 8.9(13.9) Armour
 + Level 5.8(10.8) Dodging
 - Level 2.7(7.7) Shields
 + Level 10.0 Spellcasting
 - Level 5.0 Invocations


You had 31 spell levels left.
You didn't know any spells.
Your spell library contained the following spells:

 Spells                   Type           Power      Damage    Failure   Level
 Apportation              Tloc           10%        N/A       28%         1
 Necrotise                Necr           20%        1d5       28%         1
 Blink                    Tloc           10%        N/A       41%         2
 Ensorcelled Hibernation  Hex/Ice        10%        N/A       41%         2
 Lesser Beckoning         Tloc           10%        N/A       41%         2
 Momentum Strike          Conj/Tloc      10%        3d8       41%         2
 Passwall                 Tmut/Erth      4%         N/A       41%         2
 Inner Flame              Hex/Fire       5%         N/A       65%         3
 Swiftness                Air            5%         N/A       65%         3
 Blade Hands              Tmut           2%         N/A       100%        5
 Fireball                 Conj/Fire      2%         3d4       100%        5
 Irradiate                Conj/Tmut      2%         3d12      100%        5
 Iskenderun's Battlesphe  Conj           5%         2d6       100%        5
 Yara's Violent Unravell  Hex/Tmut       2%         3d3       100%        5
 Conjure Ball Lightning   Conj/Air       2%         3x3d6     100%        6
 Dragon Form              Tmut           2%         N/A       100%        7
 Enfeeble                 Hex            2%         N/A       100%        7
 Orb of Destruction       Conj           2%         9d5       100%        7
 Ozocubu's Refrigeration  Ice            2%         4d8       100%        7
 Polar Vortex             Ice            2%         N/A       100%        9
 Summon Small Mammal      Summ           Unusable   N/A       N/A         1
 Simulacrum               Ice/Necr       Unusable   N/A       N/A         6

Dungeon Overview and Level Annotations

Branches:
Dungeon (11/15)            Temple (0/1) D:5            Lair (0/5) D:11
    Orc (2/2) D:9             Elf (0/3) Orc:2         Sewer (visited)

Altars:
Ashenzari
Cheibriados
Dithmenos
Gozag
Hepliaklqana
Kikubaaqudgha
Okawaru
Ru
Sif Muna
Trog
Uskayaw
Wu Jian
Xom
Yredelemnul
Zin
The Shining One

Shops:
D:4 [   D:5 [   D:11 !

Annotations:
D:5 1 runed translucent door, pigah's ghost, novice OpWn
D:11 3 runed translucent doors


Innate Abilities, Weirdness & Mutations

You have razor-sharp teeth.
Your natural rate of healing is unusually fast.
When hurt, damage is shared between your health and your magic reserves.
Your bite disrupts and absorbs the magic of your enemies.
Potions cannot restore your health.


Message History

The orc knight roars a battlecry!
The orcs go into a battle-frenzy!
The orc warrior misses you.
The orc shouts!
You hit the orc warrior.
The orc warrior is heavily wounded.
Unknown command.
You puncture the orc warrior!
You kill the orc warrior!
Okawaru accepts your kill.
An orc priest comes into view. It is wielding a +0 hand axe.
You block the orc's attack. The orc warrior closely misses you.
The orc warrior hits you from afar with a +0 glaive!!
The orc knight hits you but does no damage.
The orc wizard gestures at you while chanting.
You are confused.
The orc warrior hits you with a +0 mace!
The orc priest shouts!
You puncture the orc warrior! Your bite misses the orc warrior.
The orc warrior is heavily wounded.
The orc priest casts a cantrip, but nothing happens.
The orc hits you but does no damage. The orc misses you.
The orc warrior barely misses you. The orc warrior misses you.
The orc knight hits you with a +0 war axe!!
* * * LOW HITPOINT WARNING * * *
The orc closely misses you.
The orc wizard gestures at you while chanting.
You resist with almost no effort.
The orc warrior hits you with a +0 mace.
* * * LOW HITPOINT WARNING * * *
You are too confused!
Unknown command.
You hit the orc warrior but do no damage.
The orc priest begins to cast a cantrip, but forgets the words! x2
The orc closely misses you. x2
The orc warrior hits you from afar with a +0 halberd.
* * * LOW HITPOINT WARNING * * *
The orc warrior completely misses you.
The orc warrior hits you from afar with a +0 glaive!!
You die...

.$........#.#...
#...............
#...............
................
.........#......
.......o.oo.....
#<...oooo.o....
#..ooo@oo.o...
#....#ooo...##.
#....$.oo.....#
.............#>#
....o...........
##..............
#...o..........
....#.........#


You could see an orc knight, 5 orc warriors, 5 orc priests, 3 orc wizards and 7
orcs.

Vanquished Creatures
  Erolcha (D:9)
  3 two-headed ogres
  A wretched star (Abyss:1)
  Lodul (D:11)
  A sea snake (shapeshifter) (Abyss:1)
  2 orc knights (Orc:1)
  Pikel (D:9)
  A deep elf pyromancer (D:7)
  Maurice (D:11)
  A smoke demon (Abyss:1)
  A gargoyle (D:7)
  2 kobold demonologists
  Psyche (D:8)
  An efreet (Abyss:1)
  2 trolls (D:10)
  A polar bear (shapeshifter) (D:10)
  A hornet (D:9)
  3 raiju (Abyss:1)
  Prince Ribbit (D:8)
  Grinder (Sewer)
  Sigmund (D:3)
  2 shadows (D:11)
  A vampire (Abyss:1)
  2 wyverns
  2 wraiths (Abyss:1)
  11 yaks
  2 steam dragons
  A neqoxec (Abyss:1)
  2 vampire mosquitoes (D:7)
  Menkaure (D:4)
  An acid dragon (D:9)
  3 water moccasins (D:7)
  15 orc warriors
  A black bear (D:8)
  2 sky beasts
  A small abomination (Abyss:1)
  2 ice beasts
  10 ogres
  4 kobold brigands
  A necrophage (Sewer)
  4 bullfrogs
  A gnoll sergeant (D:7)
  3 scorpions (D:6)
  16 wights
  16 killer bees
  6 howler monkeys
  2 hounds
  4 jellies
  6 orc priests
  2 iguanas (D:6)
  A sleepcap (D:7)
  13 orc wizards
  15 gnolls
  10 adders
  4 shadow imps
  A white imp (D:7)
  2 ufetubi
  2 adder zombies (Sewer)
  4 worms
  3 dart slugs
  39 orcs
  8 ball pythons
  A bat zombie (Sewer)
  7 endoplasms
  5 giant cockroaches
  4 goblins
  2 hobgoblins (D:2)
  5 jackals
  27 kobolds
  5 quokkas
  6 bats
  4 frilled lizards
  5 rats
325 creatures vanquished.

Vanquished Creatures (others)
  A large abomination (Abyss:1)
  A raiju (Abyss:1)
2 creatures vanquished.

Grand Total: 327 creatures vanquished

Notes
Turn   | Place    | Note
-------+----------+-------------------------------------------
     0 | D:1      | chunkyMonkey the Vine Stalker Fighter began the quest for
                  | the Orb.
     0 | D:1      | Reached XP level 1. HP: 11/11 MP: 2/2
    86 | D:1      | Found a faded altar of an unknown god.
   131 | D:1      | Reached XP level 2. HP: 16/16 MP: 3/3
   390 | D:1      | Reached skill level 1 in Spellcasting
   561 | D:1      | Reached XP level 3. HP: 15/19 MP: 3/5
  1176 | D:3      | Gained mutation: Your natural rate of healing is unusually
                  | fast. [Vine Stalker growth]
  1176 | D:3      | Reached XP level 4. HP: 24/24 MP: 7/7
  1653 | D:3      | Noticed Sigmund
  1672 | D:3      | Killed Sigmund
  1673 | D:3      | Reached skill level 1 in Dodging
  1673 | D:3      | Reached skill level 2 in Spellcasting
  1673 | D:3      | Reached XP level 5. HP: 28/28 MP: 7/9
  1673 | D:3      | Reached XP level 6. HP: 32/32 MP: 7/10
  1923 | D:4      | Found an iron altar of Okawaru.
  1923 | D:4      | Noticed Menkaure
  1932 | D:4      | Killed Menkaure
  1933 | D:4      | Reached skill level 3 in Spellcasting
  1933 | D:4      | Reached XP level 7. HP: 23/36 MP: 6/12
  1983 | D:4      | Found Mosk's Antique Armour Boutique.
  1996 | D:4      | Found a sacrificial altar of Ru.
  2024 | D:4      | Found an ornate altar of the Wu Jian Council.
  2065 | D:4      | Found a glowing drain.
  2120 | Sewer    | Entered a sewer
  2218 | Sewer    | Found an ancient bone altar of Kikubaaqudgha.
  2244 | Sewer    | Noticed Grinder
  2252 | Sewer    | Killed Grinder
  2253 | Sewer    | Reached skill level 4 in Spellcasting
  2253 | Sewer    | Gained mutation: You have razor-sharp teeth. [Vine Stalker
                  | growth]
  2253 | Sewer    | Reached XP level 8. HP: 40/42 MP: 12/15
  2342 | Sewer    | Identified the +4 rapier "Doweliadgh" {vamp, Str+3}
  2752 | D:4      | Found a hide-covered altar of Uskayaw.
  2963 | D:5      | Entered Level 5 of the Dungeon
  2964 | D:5      | Found an opulent altar of Gozag.
  3024 | D:5      | Found a shimmering altar of Xom.
  3072 | D:5      | Found a staircase to the Ecumenical Temple.
  3082 | D:5      | Found Feheynesm's Armour Emporium.
  3094 | D:5      | Found a glowing golden altar of the Shining One.
  3164 | D:5      | Found a runed translucent door.
  3165 | D:5      | Noticed pigah's ghost (novice OpWn)
  3244 | D:4      | Became a worshipper of Warmaster Okawaru
  3816 | D:6      | Reached skill level 5 in Spellcasting
  3841 | D:6      | Found a shimmering blue altar of Sif Muna.
  3852 | D:6      | Reached skill level 5 in Axes
  3889 | D:6      | Found a broken altar of Ashenzari.
  3960 | D:6      | Found an ancient bone altar of Kikubaaqudgha.
  4083 | D:6      | Reached skill level 5 in Armour
  4485 | D:7      | Reached XP level 9. HP: 45/46 MP: 13/18
  4533 | D:7      | Reached * piety under Okawaru
  4640 | D:7      | Identified the +1 mace of Departure {heavy, rElec rF+
                  | Stlth+}
  4707 | D:7      | Reached skill level 6 in Spellcasting
  4936 | D:7      | Noticed a deep elf pyromancer
  4937 | D:7      | Reached ** piety under Okawaru
  4950 | D:7      | Killed a deep elf pyromancer
  4951 | D:7      | Reached skill level 5 in Fighting
  4951 | D:7      | Reached skill level 1 in Invocations
  4981 | D:7      | Found a shadowy altar of Dithmenos.
  5022 | D:7      | Noticed a kobold demonologist
  5028 | D:7      | Killed a kobold demonologist
  5029 | D:7      | Reached XP level 10. HP: 51/51 MP: 21/21
  5081 | D:7      | Reached skill level 7 in Spellcasting
  5493 | D:7      | Noticed a gargoyle
  5510 | D:7      | Killed a gargoyle
  5521 | D:7      | Reached *** piety under Okawaru
  5635 | D:7      | Noticed a two-headed ogre
  5647 | D:7      | Killed a two-headed ogre
  5728 | D:8      | Reached **** piety under Okawaru
  5930 | D:8      | Noticed Prince Ribbit
  5944 | D:8      | Killed Prince Ribbit
  6182 | D:8      | Noticed Psyche
  6186 | Abyss:1  | Cast into level 1 of the Abyss (Psyche)
  6198 | Abyss:1  | Found a corrupted altar of Lugonu.
  6276 | Abyss:1  | Noticed a wretched star
  6293 | Abyss:1  | Killed a wretched star
  6294 | Abyss:1  | Reached skill level 8 in Spellcasting
  6294 | Abyss:1  | Reached XP level 11. HP: 22/56 MP: 11/24
  6311 | Abyss:1  | a glowing shapeshifter changed into a sea snake
  6311 | Abyss:1  | Noticed a sea snake (glowing shapeshifter)
  6323 | Abyss:1  | Killed a sea snake
  6358 | Abyss:1  | Noticed a large abomination
  6382 | Abyss:1  | Killed a large abomination
  6385 | Abyss:1  | Received a gift from Okawaru
  6400 | D:8      | Escaped the Abyss
  6402 | D:8      | Killed Psyche
  6549 | D:8      | Found a glowing silver altar of Zin.
  6560 | D:8      | Received a gift from Okawaru
  6991 | D:8      | Found a bloodstained altar of Trog.
  7065 | D:9      | Noticed Erolcha
  7082 | D:9      | Killed Erolcha
  7259 | D:9      | Reached skill level 5 in Dodging
  7284 | D:9      | Noticed a two-headed ogre
  7292 | D:9      | Killed a two-headed ogre
  7352 | D:9      | Found a staircase to the Orcish Mines.
  7388 | D:9      | Reached skill level 9 in Spellcasting
  7498 | D:9      | Paralysed by a hornet for 1 turns
  7631 | D:9      | Noticed Pikel
  7655 | D:9      | Killed Pikel
  7751 | D:10     | Entered Level 10 of the Dungeon
  7756 | D:10     | Identified the ring of Lugonu's Felicitations {rC+ Will+}
  7803 | D:10     | Found a basalt altar of Yredelemnul.
  7854 | D:10     | Reached XP level 12. HP: 56/62 MP: 23/26
  8127 | D:10     | Found a snail-covered altar of Cheibriados.
  8168 | D:10     | Found a hazy altar of Hepliaklqana.
  8240 | D:11     | Found a staircase to the Lair.
  8299 | D:11     | Found a runed translucent gate.
  8299 | D:11     | Found a runed translucent gate.
  8299 | D:11     | Found a runed translucent gate.
  8323 | D:11     | a glowing shapeshifter changed into a two-headed ogre
  8323 | D:11     | Noticed a two-headed ogre (glowing shapeshifter)
  8328 | D:11     | a two-headed ogre changed into a sea snake
  8341 | D:11     | Noticed Maurice
  8361 | D:11     | Killed Maurice
  8361 | D:11     | Received a gift from Okawaru
  8386 | D:11     | Noticed Lodul
  8415 | D:11     | Killed Lodul
  8416 | D:11     | Reached skill level 5 in Invocations
  8704 | D:11     | Found Zayrah's Distillery.
  8712 | D:11     | Bought a potion of might for 52 gold pieces
  8712 | D:11     | Bought a potion of haste for 130 gold pieces
  8712 | D:11     | Bought a potion of haste for 130 gold pieces
  8920 | D:4      | Bought an ichor-stained scale mail for 243 gold pieces
  8920 | D:4      | Identified the +1 scale mail "Ydoaliusk" {Rampage rPois
                  | Int+3} (You bought it in a shop on level 4 of the Dungeon)
  8920 | D:4      | Bought a shiny chain mail for 202 gold pieces
  9102 | Orc:1    | Entered Level 1 of the Orcish Mines
  9596 | Orc:1    | Reached skill level 10 in Spellcasting
  9673 | Orc:1    | Noticed a two-headed ogre
  9683 | Orc:1    | Killed a two-headed ogre
  9683 | Orc:1    | Reached ***** piety under Okawaru
  9877 | Orc:2    | Entered Level 2 of the Orcish Mines
  9877 | Orc:2    | Found a staircase to the Elven Halls.
  9890 | Orc:2    | Demolished by an orc warrior

Illustrated notes

Levels and vault maps discovered:
D:1:      dpeg_arrival_chambers_temple_mockup, layout_rooms,
          hellmonk_ecumenical_altar_run_dry
D:2:      layout_basic
D:3:      layout_basic, uniq_sigmund
D:4:      layout_cave_pools, mainiacjoe_overflow_surrounded_room,
          nicolae_overflow_crystal_walls, mainiacjoe_overflow_catch_the_wave,
          serial_shops, nicolae_shop_dealshenge, gup_sewer_entry_glass,
          chequers_decorated_corner, kennysheep_cross_bottleneck, uniq_menkaure
D:5:      layout_rooms, grunt_gozag_statues, mainiacjoe_overflow_catwalk,
          tgw_xom, minmay_temple_entry_from_below_a, serial_shops, shop,
          gammafunk_ghost_grave
D:6:      layout_loops_corners, ashenzari_altar_1, mainiacjoe_overflow_brackets,
          overflow_temple_1_default
D:7:      layout_basic, grunt_dithmenos_smoke, minmay_shattered_shrine
D:8:      layout_loops_corners, trog_book, lemuel_tele_altar,
          minmay_misc_feat_tiny, uniq_psyche, uniq_prince_ribbit1
D:9:      layout_roguey, orc_0_dummy, minmay_misc_feat_square, uniq_erolcha,
          uniq_pikel
D:10:     layout_rooms, yredelemnul_altar_generic, cheibrodos_worm_habitat,
          nzn_hepliaklqana_mist_gate
D:11:     layout_loops_ring, lair_entry_dummy, serial_shops, shop,
          ploomutoo_gammafunk_ghost_potion_laboratory, uniq_maurice,
          uniq_nergalle, uniq_lodul
Orc:1:    layout_diamond_mine, basic_altar, hellmonk_bongcloud_opening
Orc:2:    pf_orc_diabolical, layout_caves, serial_shops,
          nicolae_shop_pleasant_corner_grove, nicolae_shop_industrial_runoff,
          shop, nicolae_shop_trees, nicolae_square_shop, okawaru_metal_pillars_3

Skill      XL: |  1  2  3  4  5  6  7  8  9 10 11 12 |
---------------+-------------------------------------+-----
Axes           | 2 3 4 5 6 7 8 9 |  9.5
Spellcasting   | 1 2 3 4 5 6 8 9 10 | 10.0
Fighting       | 3 4 5 6 7 |  7.3
Armour         | 3 4 5 6 7 8 |  8.9
Dodging        | 1 2 3 4 5 |  5.8
Invocations    | 1 3 4 5 |  5.0
Shields        | |  2.7

Action                     |  1- 3 |  4- 6 |  7- 9 | 10-12 || total
---------------------------+-------+-------+-------+-------++-------
  Melee: War axe           |    83 |     8 |       |       ||    91
         Bite              |    14 |     6 |    77 |   233 ||   330
         Trident           |       |    35 |   336 |   562 ||   933
         Mace              |       |       |       |    52 ||    52
         Broad axe         |       |       |       |    20 ||    20
 Invoke: Heroism           |       |       |     1 |    18 ||    19
  Evoke: Wand              |       |       |     2 |    10 ||    12
    Use: Scroll            |     2 |     5 |     6 |     4 ||    17
         Potion            |       |       |       |     1 ||     1
   Stab: Sleeping          |       |       |       |     3 ||     3
 Armour: Scale mail        |    30 |    13 |   118 |   110 ||   271
         Steam dragon scal |       |       |       |    62 ||    62
  Dodge: Dodged            |    48 |    25 |   203 |   428 ||   704
  Block: Buckler           |    21 |     9 |    56 |   135 ||   221

Table legend: (Time is in decaauts)
 A = Elapsed time spent in this place.
 B = Non-inter-level travel time spent in this place.
 C = Inter-level travel time spent in this place.
 D = Time resting spent in this place.
 E = Time spent auto-exploring this place.
 F = Levels seen in this place.
 G = Mean time per level.
                   A        B        C        D        E       F      G
               +--------+--------+--------+--------+--------+-----+--------+
         Total |  10053 |   9306 |    747 |    347 |   6270 |  15 |  670.2 |
       Dungeon |   8665 |   7930 |    735 |    178 |   5669 |  11 |  787.7 |
  Orcish Mines |    781 |    770 |     11 |    112 |    384 |   2 |  390.5 |
         Abyss |    229 |    229 |      0 |     57 |      0 |   1 |  229.0 |
         Sewer |    377 |    377 |      0 |      0 |    217 |   1 |  377.0 |
               +--------+--------+--------+--------+--------+-----+--------+

Top non-repeatable levels by time:
     D:7: 1315 daAuts
     D:8: 1168 daAuts
     D:6: 970 daAuts
     D:4: 861 daAuts
   Orc:1: 769 daAuts
     D:9: 769 daAuts
     D:3: 709 daAuts
     D:1: 664 daAuts
     D:5: 633 daAuts
     D:2: 538 daAuts
    D:11: 537 daAuts
    D:10: 496 daAuts
   Sewer: 377 daAuts
 Abyss:1: 229 daAuts
   Orc:2: 12 daAuts
